 Dungeon Crawl Stone Soup version 0.14-a0-2737-gb10a4c8 (webtiles) character file.

88312 FishServ the Eclecticist (level 15, -4/115 HPs)
             Began as a Grey Draconian Venom Mage on Feb 8, 2014.
             Was the Champion of Jiyva.
             Killed from afar by a spectral elf (33 damage)
             ... with a bolt of negative energy
             ... summoned by a deep elf death mage
             ... on Level 3 of the Elven Halls on Feb 21, 2014.
             The game lasted 07:28:24 (27517 turns).

FishServ the Eclecticist (DrVM)                    Turns: 27517, Time: 07:28:26

HP  -4/115       AC 20     Str 19      XL: 15   Next:  7%
MP  37/37        EV 15     Int 12      God: Jiyva [******]
Gold 629         SH  0     Dex 11      Spells: 15 memorised,  1 level left

rFire  + . .     SeeInvis .     d - +3,+2 cutlass (holy)
rCold  . . .     Clarity  .     (armour unavailable)
rNeg   . . .     Conserve .     (no shield)
rPois  +         rCorr    +     (helmet restricted)
rElec  .         rRot     .     Q - +0 cloak
SustAb . .       Spirit   .     f - +0 pair of gloves "Qisos" {Acc+6 Dam+4}
rMut   .         Warding  .     A - +1 pair of boots
Saprov . . .     Stasis   .     w - amulet of faith
MR     +....                    j - ring "Wunwaumnamn" {rPois rF+}
                                o - ring of wizardry

@: heavily drained, somewhat resistant to hostile enchantments, unstealthy
A: walk through water, unfitting armour, clumsy 1, mutation resistance 1,
screaming 1, shaggy fur 1, spit poison 1, unbreathing, acidic bite, gelatinous
body 2, pseudopods 1, AC +14
a: Spit Poison, Request Jelly, Jelly Paralyse, Slimify, Cure Bad Mutation,
Renounce Religion
}: 1/15 runes: slimy


You were on level 3 of the Elven Halls.
You worshipped Jiyva.
Jiyva was exalted by your worship.
You were very full.

You visited 8 branches of the dungeon, and saw 37 of its levels.

You collected 1469 gold pieces.
You spent 840 gold pieces at shops.

Inventory:

Hand weapons
 c - a +1,+2 cutlass of electrocution
 d - a +3,+2 cutlass of holy wrath (weapon)
 h - the +5,+7 glaive "Scharphui" {freeze, Stlth++}
   (You bought it in a shop on level 4 of the Orcish Mines)

   It has been specially enchanted to freeze those struck by it, causing extra
   injury to most foes and up to double damage against particularly susceptible
   opponents.
   It can also slow down cold-blooded creatures.
   It makes you much more stealthy.
 K - the +7,+3 sling of Yczeubakh {flame, MR++ Str+3}
   (You found it on level 9 of the Dungeon)

   It turns projectiles fired from it into bolts of flame.
   It affects your strength (+3).
   It affects your resistance to hostile enchantments.
 L - a +0 blowgun
 Z - the +1,+6 mace of Iffeurum {flame, *Rage rF+ MR++ Str+2 SInv}
   (You found it on level 6 of the Pits of Slime)

   It emits flame when wielded, causing extra injury to most foes and up to
   double damage against particularly susceptible opponents.
   It affects your strength (+2).
   It protects you from fire.
   It affects your resistance to hostile enchantments.
   It enhances your eyesight.
   It may make you go berserk in combat.
Missiles
 e - 20 stones (quivered)
Armour
 f - the +0 pair of gloves "Qisos" (worn) {Acc+6 Dam+4}
   (You found it on level 2 of the Lair of Beasts)

   It affects your accuracy with ranged weapons and melee attacks (+6).
   It affects your damage with ranged weapons and melee attacks (+4).
 A - a +1 pair of boots (worn)
 Q - a +0 cloak (worn)
Magical devices
 l - a wand of teleportation (9)
 R - a wand of fireball (1)
Comestibles
 g - 10 meat rations
 r - 2 chokos
 z - 2 apples
 F - 6 beef jerkies
 I - 10 bread rations
Scrolls
 m - 2 scrolls of remove curse
 s - 2 scrolls of fear
 u - a scroll of teleportation
 C - a scroll of identify
 D - a scroll of curse armour {unknown}
 V - 5 scrolls of fog
 W - a scroll of amnesia
Jewellery
 j - the ring "Wunwaumnamn" (right hand) {rPois rF+}
   (You found it on level 1 of the Lair of Beasts)

   [ring of poison resistance]

   It protects you from fire.
 o - a ring of wizardry (left hand)
 p - a +4 ring of intelligence {unknown}
 w - an amulet of faith (around neck)
 y - the ring "Pagop" {+cTele Str+3 Dam-4}
   (You found it on level 5 of the Lair of Beasts)

   [ring of teleport control]

   It affects your strength (+3).
   It affects your damage with ranged weapons and melee attacks (-4).
Potions
 i - a potion of agility
 k - 2 potions of restore abilities
 t - 2 potions of flight
 x - a potion of beneficial mutation {unknown}
 B - a potion of speed
Books
 n - a book of Hinderance

   Spells                             Type                      Level
   Confusing Touch                    Hexes                        1
   Slow                               Hexes                        2
   Confuse                            Hexes                        3
   Petrify                            Transmutation/Earth          4
   *Leda's Liquefaction               Hexes/Earth                  4
   Metabolic Englaciation             Hexes/Ice                    5
 v - a book of Dreams

   Spells                             Type                      Level
   Ensorcelled Hibernation            Hexes/Ice                    2
   Flight                             Charms/Air                   3
   *Phase Shift                       Translocation                5
   *Shadow Creatures                  Summoning                    5
   Mass Confusion                     Hexes                        6
   Darkness                           Hexes                        7
 E - a book of Minor Magic

   Spells                             Type                      Level
   *Magic Dart                        Conjuration                  1
   *Blink                             Translocation                2
   Call Imp                           Summoning                    2
   *Repel Missiles                    Charms/Air                   2
   Slow                               Hexes                        2
   *Conjure Flame                     Conjuration/Fire             3
   *Mephitic Cloud                    Conjuration/Poison/Air       3
 H - a book of Party Tricks

   Spells                             Type                      Level
   *Summon Butterflies                Summoning                    1
   *Apportation                       Translocation                1
   *Blink                             Translocation                2
   Alistair's Intoxication            Transmutation/Poison         4
   Tukima's Dance                     Hexes                        5
 N - The Foundations of Witchcraft
   (You found it on level 3 of the Lair of Beasts)

   Spells                             Type                      Level
   Airstrike                          Air                          4
   *Dig                               Earth                        4
   Cause Fear                         Hexes                        4
   Ice Form                           Ice/Transmutation            4
   *Olgreb's Toxic Radiance           Poison                       4
   Summon Elemental                   Summoning                    4
Magical staves
 a - an uncursed staff of energy
 b - an uncursed staff of conjuration
 O - an uncursed staff of air
 X - an uncursed staff of earth
Miscellaneous
 Y - a legendary deck of defence {the Shadow}
Rods
 q - a +1 rod of striking (11/11)
   (You found it on level 8 of the Lair of Beasts)


   Skills:
 - Level 6.0(3.3) Fighting
 - Level 5.0(2.3) Staves
 - Level 9.0(6.0) Dodging
 - Level 1.7(0.0) Stealth
 + Level 15.1(11.7) Spellcasting
 - Level 13.7(10.4) Conjurations
 - Level 1.1(0.0) Translocations
 - Level 2.5(0.0) Earth Magic
 - Level 6.0(3.3) Poison Magic
 - Level 10.0(7.0) Evocations


You had one spell level left.
You knew the following spells:

 Your Spells              Type           Power        Failure   Level  Hunger
a - Sting                 Conj/Pois      ###.         1%          1    None
b - Cure Poison           Pois           ###.......   1%          2    None
c - Mephitic Cloud        Conj/Pois/Air  ###.....     1%          3    #......
d - Venom Bolt            Conj/Pois      ###.......   9%          5    #####..
e - Olgreb's Toxic Radia  Pois           ###.....     12%         4    ###....
f - Summon Butterflies    Summ           #.......     4%          1    None
g - Apportation           Tloc           #.........   4%          1    None
h - Blink                 Tloc           N/A          7%          2    None
i - Phase Shift           Tloc           #.........   95%         5    #####..
j - Dig                   Erth           #.......     54%         4    ###....
k - Magic Dart            Conj           ####         1%          1    None
l - Repel Missiles        Chrm/Air       #.....       7%          2    None
m - Conjure Flame         Conj/Fire      ###.....     1%          3    #......
n - Leda's Liquefaction   Hex/Erth       #.........   65%         4    ###....
o - Shadow Creatures      Summ           N/A          95%         5    #####..


Dungeon Overview and Level Annotations

Branches:
Dungeon (13/16)            Temple (1/1) D:7             Orc (4/4) D:10
    Elf (3/3) Orc:3          Lair (8/8) D:9           Swamp (1/5) Lair:5
  Snake (1/5) Lair:6        Slime (6/6) Lair:6

Altars:
Ashenzari
Cheibriados
Dithmenos
Elyvilon
Fedhas
Kikubaaqudgha
Makhleb
Nemelex Xobeh
Okawaru
Sif Muna
Trog
Vehumet
Xom
Yredelemnul
Zin
The Shining One
Beogh
Jiyva

Shops:
D:6 ?   D:8 /   D:10 [   Orc:4 //[*

Annotations:
D:3 Sigmund
D:5 FishServ's ghost, average KoAK
D:12 exclusion: 2 downstairs
D:13 exclusion: silver statue
Orc:4 Saint Roka
Slime:6 Royal Jelly


Innate Abilities, Weirdness & Mutations

You can walk through water.
Your dull iron-grey scales are very hard (AC +14).
Your body does not fit into most forms of armour.
Your cold-blooded metabolism reacts poorly to cold.
You can survive without breathing.
You are clumsy. (Dex -2)
You are somewhat resistant to further mutation.
You occasionally shout uncontrollably.
You are covered in fur (AC +1).
You can spit poison.
You have acidic saliva.
Your pliable body absorbs attacks (AC +1, EV +1).
Armour fits poorly on your pseudopods.


Message History

Jiyva shields your delectables from destruction.
* * * LOW HITPOINT WARNING * * *
The burst of hellfire engulfs the spectral elf.
The spectral elf is destroyed!
The burst of hellfire engulfs your death ooze.
You hit the spectral elf.
The spectral elf convulses.
You bludgeon the spectral elf, but do no damage.
The spectral elf is lightly damaged.
Your death ooze hits the spectral elf!
Your death ooze hits the spectral elf.
The spectral elf is infused with unholy energy.
* * * LOW HITPOINT WARNING * * *
The spectral elf draws life force from you and is healed!
Your death ooze hits the spectral elf!
You closely miss the spectral elf.
The spectral elf is heavily damaged.
The spectral elf barely misses you.
Your death ooze hits the spectral elf!
Your death ooze completely misses the spectral elf.
The spectral elf points at you and mumbles some strange words.
The bolt of negative energy hits you!
You feel drained.
You die...

#.# ##...............## #.
.####.#
##...............####.
.'....# ##....J..............
.'....# ##+.####............
#####.# #.............##..#
#.#########..####......###..#
#............# #####''# #..#
#...........#########..###..#
#.#########J@................
#.# #####W#########........
#.# ##.........#######..####
..# ##...................#
... .............#######.#
##.. .............# #.# .
##...........#######.####
##..........+........... .
##.........######......


You could see a spectral elf and a friendly death ooze.

Vanquished Creatures
  2 deep elf sorcerers
  2 deep elf death magi (Elf:3)
  2 ravenous item mimics
  A deep elf high priest (Elf:3)
  Josephine (Lair:5)
  2 hydras
  Nessos (Orc:3)
  9 death yaks (Lair:8)
  3 catoblepae (Lair:8)
  Urug (Elf:1)
  2 centaur warriors
  4 deep elf knights (Elf:1)
  A ball lightning (Slime:6)
  An unseen horror (D:11)
  3 deep elf summoners
  5 orc knights
  2 hill giants (D:11)
  2 orc sorcerers (Orc:4)
  11 deep elf conjurers
  A griffon (Lair:7)
  2 cyclopes
  5 elephants
  11 black mambas
  10 spiny frogs
  An item mimic (D:11)
  Psyche (D:9)
  A feature mimic (Elf:2)
  9 deep elf priests
  2 fire drakes
  3 komodo dragons (Lair:5)
  A steam dragon (D:8)
  2 two-headed ogres (D:9)
  A giant leech (Lair:5)
  5 trolls
  Prince Ribbit (D:9)
  A swamp drake (Lair:1)
  A boulder beetle (Lair:8)
  A blink frog (Lair:7)
  A grizzly bear (Lair:7)
  3 shadows
  2 basilisks
  4 ugly things (D:13)
  A redback (Elf:1)
  A trapdoor spider (D:12)
  5 deep elf magi
  49 yaks
  3 wyverns
  2 sharks (Lair:7)
  Eustachio (D:8)
  An elephant slug (Lair:8)
  Grum (Orc:2)
  6 vampire mosquitoes
  17 deep elf fighters
  A wraith (D:11)
  5 hippogriffs
  9 wolves
  8 porcupines
  A swamp worm (Lair:5)
  6 necrophages
  A black bear (shapeshifter) (Elf:1)
  A sky beast (D:9)
  14 centaurs
  3 giant goldfish (Lair:7)
  32 orc warriors
  An ice beast (D:11)
  6 ogres
  7 water moccasins
  A boring beetle (Lair:8)
  11 crocodiles
  10 giant slugs
  A manticore skeleton (D:10)
  3 wargs
  8 agate snails
  3 big kobolds
  A cyclops zombie (D:12)
  11 giant frogs
  11 wights
  4 electric eels
  A removed MONS_JELLYFISH (Lair:2)
  3 goliath beetles
  7 crimson imps
  A giant frog zombie (D:6)
  A basilisk zombie (D:11)
  2 big fish
  20 orc priests
  5 hounds
  5 jellies
  A quasit (Slime:1)
  20 orc wizards
  4 iguanas
  9 sheep
  7 worker ants
  Ijyb (D:3)
  An ogre skeleton (D:7)
  A boggart (shapeshifter) (Elf:2)
  43 green rats
  A gnoll (D:2)
  A removed MONS_LEMURE (D:8)
  A giant centipede (Lair:2)
  24 adders
  A giant mite (D:3)
  A goliath beetle zombie (D:5)
  2 worms
  An ufetubus (D:13)
  A scorpion zombie (D:5)
  7 giant geckos
  2 oozes (D:6)
  127 orcs
  A ball python (Lair:6)
  25 bats
  A bat skeleton (D:7)
  A bat zombie (D:6)
  4 giant cockroaches
  21 goblins
  13 hobgoblins
  10 quokkas
  A giant gecko skeleton (D:3)
  5 giant newts
  A goblin zombie (D:3)
  2 illusory rakshasas (D:13)
  17 jackals
  20 kobolds
  3 orc skeletons
  A quokka zombie (D:10)
  17 rats
  A rat zombie (D:7)
  4 butterflies (Elf:1)
  A fungus (Lair:8)
820 creatures vanquished.

Vanquished Creatures (collateral kills)
  A deep elf annihilator (Elf:3)
  2 deep elf death magi (Elf:3)
  A spectral elf (Elf:3)
  A spiny frog (Lair:3)
  A deep elf mage (Elf:3)
  2 orc warriors (Orc:4)
  A centaur (Orc:4)
  A crocodile (Lair:5)
  2 orcs (Orc:4)
12 creatures vanquished.

Vanquished Creatures (others)
  An eldritch tentacle (Slime:6)
  A green death (Slime:6)
  A death ooze (Slime:1)
  A deep elf high priest (Elf:3)
  A soul eater (Slime:6)
  2 unseen horrors (D:10)
  A deep elf summoner (Elf:1)
  4 giant amoebae
  A spectral elf (Elf:3)
  9 slime creatures
  4 shining eyes
  3 elephants
  A komodo dragon (Lair:8)
  2 blink frogs (Lair:7)
  4 brown oozes
  3 deep elf magi
  An ugly thing (D:13)
  A neqoxec (Slime:6)
  A yak (D:12)
  2 hungry ghosts
  A hippogriff (Lair:4)
  An ogre (D:9)
  A golden eye (Slime:6)
  6 deep elf fighters
  A steam dragon (D:13)
  3 vampire mosquitoes (Lair:1)
  8 wolves
  6 orc warriors
  A swamp drake (Lair:1)
  2 porcupines
  A crocodile (Lair:1)
  3 water moccasins
  2 giant frogs
  A gnoll sergeant (D:9)
  An agate snail (D:9)
  5 eyes of draining
  A removed MONS_JELLYFISH (Lair:7)
  A yak zombie (D:11)
  200 jellies
  A killer bee (D:6)
  A wight (D:11)
  A pulsating lump (Slime:5)
  An electric eel (Lair:7)
  A crimson imp (D:13)
  A quasit (Slime:1)
  An iron imp (Slime:1)
  2 hounds
  5 orc priests
  7 orc wizards
  5 iguanas
  A gnoll shaman (D:9)
  An orange rat (Elf:1)
  5 worker ants
  A gnoll (D:9)
  3 sheep (Lair:7)
  10 adders
  10 green rats
  2 removed MONS_LEMUREs
  A white imp (Slime:1)
  3 worms
  3 ufetubi (D:13)
  An ooze (Slime:6)
  46 orcs
  A goblin (Orc:1)
  2 hobgoblins
  2 jackals (Lair:1)
  8 kobolds
  3 quokkas
  A ball python (Lair:6)
  3 bats
  A giant gecko (D:10)
  An illusory rakshasa (D:13)
  6 butterflies
  14 fungi
  8 plants
452 creatures vanquished.

Grand Total: 1284 creatures vanquished

Notes
Turn   | Place    | Note
--------------------------------------------------------------
     0 | D:1      | FishServ, the Draconian Venom Mage, began the quest for the Orb.
     0 | D:1      | Reached XP level 1. HP: 14/14 MP: 3/3
   253 | D:1      | Reached XP level 2. HP: 20/20 MP: 1/4
   257 | D:1      | Learned a level 2 spell: Cure Poison
   732 | D:2      | Reached skill level 5 in Poison Magic
   732 | D:2      | Reached XP level 3. HP: 26/26 MP: 3/6
   950 | D:2      | Found a glowing silver altar of Zin.
   950 | D:2      | Found an ancient bone altar of Kikubaaqudgha.
   952 | D:2      | Found a white marble altar of Elyvilon.
  1431 | D:3      | Reached XP level 4. HP: 33/33 MP: 0/8
  1525 | D:3      | Learned a level 3 spell: Mephitic Cloud
  1542 | D:3      | Noticed an ogre
  1558 | D:3      | Killed an ogre
  1558 | D:3      | Reached XP level 5. HP: 38/38 MP: 1/11
  2074 | D:3      | Noticed Sigmund
  2161 | D:3      | Reached skill level 1 in Staves
  2257 | D:3      | Noticed Ijyb
  2279 | D:3      | Killed Ijyb
  2279 | D:3      | Reached XP level 6. HP: 45/45 MP: 0/12
  2286 | D:3      | Learned a level 5 spell: Venom Bolt
  3066 | D:4      | Reached skill level 5 in Conjurations
  3091 | D:5      | Entered Level 5 of the Dungeon
  3134 | D:5      | Your scales start taking on a dull iron-grey colour.
  3134 | D:5      | Gained mutation: You can survive without breathing. [draconian maturity]
  3134 | D:5      | Reached XP level 7. HP: 48/50 MP: 5/14
  3221 | D:5      | Noticed FishServ's ghost (average KoAK)
  3438 | D:6      | Found Utau's Magic Scroll Shop.
  3464 | D:6      | Bought a scroll of blinking for 71 gold pieces
  3464 | D:6      | Bought a scroll of teleportation for 39 gold pieces
  3597 | D:6      | Found a viscous altar of Jiyva.
  3637 | D:6      | Became a worshipper of Jiyva Jyfialutz the Shapeless
  3793 | D:6      | Acquired Jiyva's first power
  4069 | D:5      | Got an iridescent falchion
  4070 | D:5      | Identified the cursed +1,+3 falchion of Success {slice, Str+3} (You found it on level 5 of the Dungeon)
  4696 | D:7      | Reached XP level 8. HP: 57/57 MP: 10/19
  4757 | D:7      | Reached skill level 5 in Spellcasting
  4763 | D:7      | Learned a level 4 spell: Olgreb's Toxic Radiance
  4794 | D:7      | Found a glowing golden altar of the Shining One.
  4850 | D:7      | Reached skill level 5 in Staves
  4898 | D:7      | Learned a level 1 spell: Summon Butterflies
  5071 | D:7      | Acquired Jiyva's second power
  5143 | D:7      | Found a staircase to the Ecumenical Temple.
  5149 | Temple   | Entered the Ecumenical Temple
  5388 | D:8      | Learned a level 1 spell: Apportation
  5487 | D:8      | Reached skill level 6 in Spellcasting
  5493 | D:8      | Learned a level 2 spell: Blink
  5598 | D:8      | Found Ashriuv's Magical Wand Shop.
  5734 | D:8      | Noticed Eustachio
  5743 | D:8      | Killed Eustachio
  5743 | D:8      | Reached skill level 7 in Conjurations
  5881 | D:8      | Reached XP level 9. HP: 62/62 MP: 12/22
  6089 | D:8      | Reached skill level 8 in Conjurations
  6145 | D:9      | Noticed Psyche
  6164 | D:9      | Killed Psyche
  6225 | D:9      | Gained mutation: Armour fits poorly on your pseudopods. [Jiyva's grace]
  6265 | D:9      | Noticed Prince Ribbit
  6275 | D:9      | Killed Prince Ribbit
  6292 | D:9      | Acquired Jiyva's third power
  6420 | D:9      | Got a bloodstained sling
  6448 | D:9      | Gained mutation: Your digestive system is specialised to digest meat. [Jiyva's grace]
  6550 | D:9      | Found a blossoming altar of Fedhas.
  6592 | D:9      | Gained mutation: You occasionally shout uncontrollably. [Jiyva's grace]
  6623 | D:9      | Acquired Jiyva's fourth power
  6632 | D:9      | Gained mutation: You possess an exceptional clarity of mind. [Jiyva's grace]
  6641 | D:9      | Found a staircase to the Lair.
  6748 | D:9      | Reached skill level 5 in Fighting
  6976 | D:10     | Entered Level 10 of the Dungeon
  7010 | D:10     | Reached skill level 5 in Dodging
  7054 | D:10     | Gained mutation: You passively map a small area around you. [Jiyva's grace]
  7127 | D:10     | Gained mutation: You can spit poison. [Jiyva's grace]
  7140 | D:10     | Reached XP level 10. HP: 81/81 MP: 8/24
  7153 | D:10     | Found a staircase to the Orcish Mines.
  7153 | D:10     | Found Roxeeg's Armour Shop.
  7173 | D:10     | Bought a +0 cloak for 16 gold pieces
  7234 | D:10     | Gained mutation: Your tail ends in a poisonous barb. [Jiyva's grace]
  7271 | D:10     | Killed an unseen horror
  7372 | D:11     | Noticed a cyclops
  7400 | D:11     | Killed a cyclops
  7570 | D:11     | Gained mutation: You are resistant to electric shocks. [Jiyva's grace]
  7697 | D:11     | Reached skill level 9 in Conjurations
  7708 | D:11     | Reached skill level 1 in Evocations
  7802 | D:10     | Killed an unseen horror
  8045 | D:10     | You fall through a shaft!
  8075 | D:12     | Identified the +7,+3 sling of Yczeubakh {flame, MR++ Str+3} (You found it on level 9 of the Dungeon)
  8259 | D:12     | Gained mutation: Your muscles are strong. (Str +2) [Jiyva's grace]
  8461 | D:12     | Lost mutation: You occasionally shout uncontrollably. [Jiyva's grace]
  8502 | D:12     | Reached skill level 10 in Conjurations
  8690 | D:13     | Reached skill level 5 in Evocations
  9124 | D:12     | Reached XP level 11. HP: 68/88 MP: 10/25
  9175 | D:13     | Noticed a cyclops
  9429 | D:11     | Noticed a hill giant
  9464 | D:11     | Killed a hill giant
  9567 | D:11     | Lost mutation: Armour fits poorly on your pseudopods. [Jiyva's grace]
  9667 | Lair:1   | Entered Level 1 of the Lair of Beasts
  9852 | Lair:1   | Lost mutation: Your digestive system is specialised to digest meat. [Jiyva's grace]
 10040 | Lair:1   | Noticed a death ooze
 10040 | Lair:1   | a vampire mosquito changed into a death ooze
 10099 | Lair:1   | Gained mutation: Your flesh is heat resistant. [Jiyva's grace]
 10202 | Lair:1   | Got a transparent tin ring
 11128 | Lair:2   | Gained mutation: Your mind is acute. (Int +2) [Jiyva's grace]
 11281 | Lair:2   | Lost mutation: Your tail ends in a poisonous barb. [Jiyva's grace]
 11352 | Lair:2   | Identified the ring "Wunwaumnamn" {rPois rF+} (You found it on level 1 of the Lair of Beasts)
 11488 | Lair:2   | Got a pair of smoking gloves
 11491 | Lair:2   | Identified the +0 pair of gloves "Qisos" {Acc+6 Dam+4} (You found it on level 2 of the Lair of Beasts)
 11503 | Lair:2   | Gained mutation: You have a pair of small horns on your head. [Jiyva's grace]
 11555 | Lair:2   | Gained mutation: You evolve. [Jiyva's grace]
 11957 | Lair:2   | Lost mutation: Your mind is acute. (Int +2) [evolution]
 12176 | Lair:3   | Gained mutation: You have a slow metabolism. [Jiyva's grace]
 12304 | Lair:3   | Lost mutation: You have a pair of small horns on your head. [Jiyva's grace]
 12496 | Lair:3   | Identified The Foundations of Witchcraft
 12946 | Lair:4   | Gained mutation: You can spit moderately strong poison. [Jiyva's grace]
 12977 | Lair:4   | Gained mutation: Your muscles are very strong. (Str +4) [Jiyva's grace]
 13083 | Lair:4   | Gained mutation: Thin tendrils of slime have grown from your body. [Jiyva's grace]
 13115 | Lair:4   | Reached XP level 12. HP: 95/95 MP: 7/28
 13305 | Lair:4   | Noticed a six-headed hydra
 13314 | Lair:4   | Upgraded the game from 0.14-a0-2474-g7d54a28 to 0.14-a0-2506-gc7bb754
 13739 | Lair:5   | Lost mutation: You evolve. [Jiyva's grace]
 13925 | Lair:5   | Found a staircase to the Swamp.
 14017 | Lair:5   | Got a warped iron ring
 14022 | Lair:5   | Lost mutation: Your flesh is heat resistant. [Jiyva's grace]
 14278 | Lair:5   | You fall through a shaft for 3 floors!
 14278 | Lair:8   | Entered Level 8 of the Lair of Beasts
 14310 | Lair:8   | Identified the ring "Pagop" {+cTele Str+3 Dam-4} (You found it on level 5 of the Lair of Beasts)
 14363 | Lair:8   | Reached skill level 10 in Spellcasting
 14446 | Lair:8   | Lost mutation: You have a slow metabolism. [Jiyva's grace]
 14834 | Lair:8   | Noticed a five-headed hydra
 14849 | Lair:8   | Noticed an acid blob
 14849 | Lair:8   | a five-headed hydra changed into an acid blob
 14984 | Lair:8   | Gained mutation: Your rubbery body absorbs attacks (AC +1). [Jiyva's grace]
 15483 | Lair:7   | Gained mutation: Your digestive system is specialised to digest meat. [Jiyva's grace]
 15558 | Lair:7   | Lost mutation: Your rubbery body absorbs attacks (AC +1). [Jiyva's grace]
 15716 | Lair:7   | Gained mutation: You occasionally shout uncontrollably. [Jiyva's grace]
 15757 | Lair:7   | Killed a ravenous robe mimic
 16201 | Lair:7   | Lost mutation: You possess an exceptional clarity of mind. [Jiyva's grace]
 16245 | Lair:7   | Reached skill level 10 in Evocations
 16264 | Lair:7   | Learned a level 5 spell: Phase Shift
 16547 | Lair:7   | Reached skill level 11 in Spellcasting
 16584 | Lair:7   | Lost mutation: Thin tendrils of slime have grown from your body. [Jiyva's grace]
 17135 | Lair:8   | Learned a level 4 spell: Dig
 17159 | Lair:8   | Reached skill level 1 in Translocations
 17367 | Lair:8   | Reached skill level 1 in Earth Magic
 17367 | Lair:8   | Reached XP level 13. HP: 83/102 MP: 18/32
 17665 | Lair:8   | Lost mutation: You can spit moderately strong poison. [Jiyva's grace]
 18110 | Lair:8   | Got an opalescent robe
 18117 | Lair:8   | Identified a +1 rod of striking (11/11) (You found it on level 8 of the Lair of Beasts)
 18322 | Lair:8   | Reached skill level 12 in Conjurations
 18426 | Lair:8   | Lost mutation: Your muscles are very strong. (Str +4) [Jiyva's grace]
 18547 | Lair:6   | Found a viscous altar of Jiyva.
 18548 | Lair:6   | Found a staircase to the Slime Pits.
 18556 | Slime:1  | Entered Level 1 of the Pits of Slime
 18737 | Slime:2  | Noticed an azure jelly
 18982 | Slime:2  | Noticed an azure jelly
 18985 | Slime:2  | Noticed an acid blob
 19087 | Slime:3  | Noticed an acid blob
 19120 | Slime:3  | Noticed an azure jelly
 19123 | Slime:3  | Noticed an acid blob
 19237 | Slime:5  | Noticed an acid blob
 19237 | Slime:5  | Noticed an acid blob
 19264 | Slime:6  | Entered Level 6 of the Pits of Slime
 19265 | Slime:6  | Noticed an azure jelly
 19274 | Slime:6  | Noticed an acid blob
 19276 | Slime:6  | Noticed an acid blob
 19281 | Slime:6  | Gained mutation: You have sharp fingernails. [Jiyva's grace]
 19283 | Slime:6  | Found a viscous altar of Jiyva.
 19284 | Slime:6  | Noticed the royal jelly
 19289 | Slime:6  | Noticed an acid blob
 19289 | Slime:6  | Lost mutation: You are resistant to electric shocks. [Jiyva's grace]
 19293 | Slime:6  | Gained mutation: Your muscles are very strong. (Str +4) [Jiyva's grace]
 19299 | Slime:6  | Noticed a green death
 19299 | Slime:6  | Lost mutation: Your muscles are very strong. (Str +4) [Jiyva's grace]
 19302 | Slime:6  | Noticed an acid blob
 19317 | Slime:6  | Noticed an acid blob
 19319 | Slime:6  | Killed a green death
 19324 | Slime:6  | Gained mutation: Your skin is partially translucent. [Jiyva's grace]
 19328 | Slime:6  | Noticed an acid blob
 19413 | Slime:6  | Got a jewelled mace
 19433 | Slime:6  | Got a jewelled spear
 19435 | Slime:6  | Gained mutation: You can translocate small distances at will. [Jiyva's grace]
 19442 | Slime:6  | Got a slimy rune of Zot
 19469 | Slime:6  | Killed an eldritch tentacle
 19524 | Slime:6  | Learned a level 1 spell: Magic Dart
 19527 | Slime:6  | Learned a level 2 spell: Repel Missiles
 19531 | Slime:6  | Learned a level 3 spell: Conjure Flame
 19589 | Slime:6  | Noticed an azure jelly
 19597 | Slime:6  | Noticed an azure jelly
 19597 | Slime:6  | Noticed an acid blob
 19634 | Slime:6  | Noticed a shadow dragon
 19636 | Slime:6  | Identified the cursed +7,+8 spear of Aphauvvi {pierce, *Tele rC++ rN+} (You found it on level 6 of the Pits of Slime)
 19638 | Slime:6  | Identified the +1,+6 mace of Iffeurum {flame, *Rage rF+ MR++ Str+2 SInv} (You found it on level 6 of the Pits of Slime)
 20022 | Lair:6   | Found a staircase to the Snake Pit.
 20058 | Lair:6   | Gained mutation: You have a fast metabolism. [Jiyva's grace]
 20280 | Lair:6   | a six-headed hydra changed into a giant amoeba
 20363 | Lair:6   | Gained mutation: You possess an exceptional clarity of mind. [Jiyva's grace]
 20413 | Lair:6   | Reached skill level 13 in Conjurations
 20935 | D:9      | Upgraded the game from 0.14-a0-2506-gc7bb754 to 0.14-a0-2644-gcc8e764
 21025 | Orc:1    | Entered Level 1 of the Orcish Mines
 21177 | Orc:1    | Lost mutation: You occasionally shout uncontrollably. [Jiyva's grace]
 21199 | Orc:1    | Lost mutation: You possess an exceptional clarity of mind. [Jiyva's grace]
 21236 | Orc:1    | Gained mutation: You are covered in fur (AC +1). [Jiyva's grace]
 21244 | Orc:1    | Lost mutation: Your skin is partially translucent. [Jiyva's grace]
 21336 | Orc:1    | Gained mutation: Your system is resistant to poisons. [Jiyva's grace]
 21413 | Orc:2    | Gained mutation: You have supernaturally acute eyesight. [Jiyva's grace]
 21573 | Orc:1    | Gained mutation: Your rubbery body absorbs attacks (AC +1). [Jiyva's grace]
 21602 | Orc:3    | Found a staircase to the Elven Halls.
 21611 | Orc:3    | Noticed Nessos
 21714 | Orc:3    | Killed Nessos
 21758 | Orc:3    | Lost mutation: You have a fast metabolism. [Jiyva's grace]
 21761 | Orc:3    | Lost mutation: Your digestive system is specialised to digest meat. [Jiyva's grace]
 21764 | Orc:3    | Lost mutation: Your muscles are strong. (Str +2) [Jiyva's grace]
 21769 | Orc:3    | Lost mutation: You can translocate small distances at will. [Jiyva's grace]
 21923 | Orc:3    | Gained mutation: You have a pair of small horns on your head. [Jiyva's grace]
 21948 | Orc:3    | Gained mutation: You have acidic saliva. [Jiyva's grace]
 21966 | Orc:3    | Lost mutation: You can spit poison. [Jiyva's grace]
 22001 | Orc:3    | Lost mutation: You have acidic saliva. [Jiyva's grace]
 22061 | Orc:3    | Lost mutation: You have a pair of small horns on your head. [Jiyva's grace]
 22134 | Orc:4    | Entered Level 4 of the Orcish Mines
 22376 | Orc:4    | Gained mutation: You possess an exceptional clarity of mind. [Jiyva's grace]
 22381 | Orc:4    | Noticed Saint Roka
 22388 | Orc:4    | Lost mutation: Your rubbery body absorbs attacks (AC +1). [Jiyva's grace]
 22395 | Orc:4    | Lost mutation: Your system is resistant to poisons. [Jiyva's grace]
 22401 | Orc:4    | Noticed Saint Roka
 22401 | Orc:4    | Saint Roka changed into Saint Roka the acid blob
 22409 | Orc:4    | Lost mutation: You passively map a small area around you. [Jiyva's grace]
 22439 | Orc:4    | Reached XP level 14. HP: 93/110 MP: 28/33
 22443 | Orc:4    | Lost mutation: You have supernaturally acute eyesight. [Jiyva's grace]
 22443 | Orc:4    | Gained mutation: Your vision is a little blurry. [Jiyva's grace]
 22452 | Orc:4    | Found Oruntar's Antique Armour Shop.
 22452 | Orc:4    | Found Phefuc's Magical Wand Emporium.
 22453 | Orc:4    | Gained mutation: You have large cloven feet. [Jiyva's grace]
 22463 | Orc:4    | Found Gilac's Magical Wand Shoppe.
 22464 | Orc:4    | Gained mutation: Armour fits poorly on your pseudopods. [Jiyva's grace]
 22465 | Orc:4    | Found Chask's Assorted Antiques.
 22477 | Orc:4    | Lost mutation: Your vision is a little blurry. [Jiyva's grace]
 22484 | Orc:4    | Bought a twisted glaive for 294 gold pieces
 22484 | Orc:4    | Bought a leatherbound book for 420 gold pieces
 22486 | Orc:4    | Identified the +5,+7 glaive "Scharphui" {freeze, Stlth++} (You bought it in a shop on level 4 of the Orcish Mines)
 22509 | Orc:4    | Gained mutation: You have a small jelly attached to you that may absorb incoming projectiles. [Jiyva's grace]
 22524 | Orc:4    | Lost mutation: You possess an exceptional clarity of mind. [Jiyva's grace]
 22542 | Orc:4    | Gained mutation: You possess an exceptional clarity of mind. [Jiyva's grace]
 22689 | Elf:1    | Entered Level 1 of the Elven Halls
 22691 | Elf:1    | Noticed Urug
 22729 | Orc:2    | Noticed Grum
 22737 | Orc:2    | Killed Grum
 22764 | Orc:2    | Gained mutation: Your rubbery body absorbs attacks (AC +1). [Jiyva's grace]
 22768 | Orc:2    | Gained mutation: You have a slow metabolism. [Jiyva's grace]
 22808 | Orc:2    | Lost mutation: Armour fits poorly on your pseudopods. [Jiyva's grace]
 22819 | Orc:2    | Lost mutation: You have large cloven feet. [Jiyva's grace]
 22823 | Orc:2    | Found a roughly hewn altar of Beogh.
 22873 | Orc:2    | Lost mutation: You have a small jelly attached to you that may absorb incoming projectiles. [Jiyva's grace]
 23000 | D:11     | Noticed an unseen horror
 23002 | D:11     | Killed an unseen horror
 23108 | D:11     | Gained mutation: You are somewhat resistant to further mutation. [Jiyva's grace]
 23338 | D:11     | Lost mutation: You possess an exceptional clarity of mind. [Jiyva's grace]
 23377 | D:11     | Noticed a five-headed hydra
 23388 | D:11     | Killed a five-headed hydra
 23619 | D:12     | Noticed a five-headed hydra
 23627 | D:12     | Killed a five-headed hydra
 23682 | D:12     | Lost mutation: You have a slow metabolism. [Jiyva's grace]
 23764 | D:13     | Lost mutation: You have sharp fingernails. [Jiyva's grace]
 23816 | D:13     | Noticed a cyclops
 23820 | D:13     | Killed a cyclops
 23827 | D:13     | Gained mutation: You can spit poison. [Jiyva's grace]
 23891 | D:13     | Gained mutation: You have a slow metabolism. [Jiyva's grace]
 23973 | D:13     | Noticed a rakshasa
 24375 | Lair:1   | Upgraded the game from 0.14-a0-2644-gcc8e764 to 0.14-a0-2737-gb10a4c8
 24541 | Snake:1  | Entered Level 1 of the Snake Pit
 24630 | Swamp:1  | Entered Level 1 of the Swamp
 24630 | Swamp:1  | Noticed Josephine
 24637 | Lair:5   | Killed Josephine
 24961 | Elf:1    | Gained mutation: You tend to lose your temper in combat. [Jiyva's grace]
 24983 | Elf:1    | Killed Urug
 25053 | Elf:1    | Gained mutation: Armour fits poorly on your pseudopods. [Jiyva's grace]
 25067 | Elf:1    | Lost mutation: Armour fits poorly on your pseudopods. [Jiyva's grace]
 25171 | Elf:1    | Gained mutation: You are clumsy. (Dex -2) [Jiyva's grace]
 25305 | Elf:1    | Gained mutation: You are resistant to electric shocks. [Jiyva's grace]
 25313 | Elf:1    | Reached skill level 14 in Spellcasting
 25320 | Elf:1    | Learned a level 4 spell: Leda's Liquefaction
 25329 | Elf:1    | Gained mutation: You occasionally shout uncontrollably. [Jiyva's grace]
 25394 | Elf:1    | Noticed a deep elf sorcerer
 25407 | Elf:1    | Killed a deep elf sorcerer
 25661 | Elf:1    | Lost mutation: You are resistant to electric shocks. [Jiyva's grace]
 25676 | Elf:2    | Noticed a deep elf sorcerer
 25799 | Elf:2    | Lost mutation: You have a slow metabolism. [Jiyva's grace]
 25829 | Elf:2    | Killed a deep elf sorcerer
 25862 | Elf:2    | Lost mutation: You tend to lose your temper in combat. [Jiyva's grace]
 26493 | Elf:3    | Entered Level 3 of the Elven Halls
 26635 | Elf:3    | Gained mutation: Armour fits poorly on your pseudopods. [Jiyva's grace]
 26761 | Elf:3    | Gained mutation: You have acidic saliva. [Jiyva's grace]
 26777 | Elf:3    | Found a shimmering altar of Xom.
 26932 | Elf:3    | Reached XP level 15. HP: 71/115 MP: 8/36
 27004 | Elf:3    | Gained mutation: Your pliable body absorbs attacks (AC +1, EV +1). [Jiyva's grace]
 27024 | Elf:3    | Reached skill level 15 in Spellcasting
 27033 | Elf:3    | Learned a level 5 spell: Shadow Creatures
 27155 | Elf:3    | Noticed a deep elf master archer
 27517 | Elf:3    | Killed from afar by a spectral elf

Action                   |  1- 3 |  4- 6 |  7- 9 | 10-12 | 13-15 || total
-------------------------+-------+-------+-------+-------+-------++-------
Melee: Unarmed           |    20 |    26 |       |       |       ||    46
       Staff             |       |    18 |    11 |   133 |   114 ||   276
       Cutlass           |       |       |   129 |   223 |   122 ||   474
       Mace              |       |       |       |       |    11 ||    11
       Glaive            |       |       |       |       |    11 ||    11
 Fire: Sling             |       |       |       |    15 |       ||    15
Throw: Stone             |       |     7 |    25 |     9 |     2 ||    43
 Cast: Sting             |    73 |   126 |   238 |   898 |   258 ||  1593
       Mephitic Cloud    |       |    12 |    32 |    92 |    86 ||   222
       Cure Poison       |       |     1 |       |       |     2 ||     3
       Venom Bolt        |       |       |    11 |   137 |   386 ||   534
       Blink             |       |       |       |    10 |     2 ||    12
       Summon Butterflie |       |       |       |     7 |     2 ||     9
       Dig               |       |       |       |     2 |       ||     2
       Olgreb's Toxic Ra |       |       |       |     1 |     2 ||     3
       Magic Dart        |       |       |       |       |    35 ||    35
       Repel Missiles    |       |       |       |       |    10 ||    10
       Conjure Flame     |       |       |       |       |     1 ||     1
Invok: Request Jelly     |       |       |     6 |     6 |    15 ||    27
       Slimify           |       |       |       |     3 |     5 ||     8
       Jelly Paralyse    |       |       |       |       |     4 ||     4
 Abil: Spit Poison       |       |       |       |     7 |     5 ||    12
       Blink             |       |       |       |       |     1 ||     1
Evoke: Staff of energy   |       |    36 |    30 |   232 |   315 ||   613
       Wand              |       |       |     4 |     6 |     4 ||    14
  Use: Scroll            |     4 |    10 |    11 |    17 |     8 ||    50
       Potion            |       |       |       |     6 |     3 ||     9
 Stab: Distracted        |       |       |     1 |     1 |     1 ||     3
       Confused          |       |       |       |     4 |     1 ||     5
       Sleeping          |       |       |       |     1 |       ||     1
